 Dungeon Crawl Stone Soup version 0.23.0 (webtiles) character file.

Game seed: 7633573809044558615

42 Yuikono the Grasshopper (level 3, -1/18 HPs)
             Began as a Spriggan Warper on Feb 18, 2019.
             Was an Initiate of Gozag.
             Slain by an adder (2 damage)
             ... on level 3 of the Dungeon.
             The game lasted 00:07:35 (2799 turns).

Yuikono the Grasshopper (Spriggan Warper)           Turns: 2799, Time: 00:07:36

Health: -1/18      AC:  2    Str:  7    XL:     3   Next: 35%
Magic:  5/8        EV: 19    Int: 20    God:    Gozag
Gold:   114        SH:  0    Dex: 15    Spells: 0/8 levels left

rFire    . . .     SeeInvis +   a - +0 short sword
rCold    . . .     Gourm    .   (shield restricted)
rNeg     . . .     Faith    .   b - +0 robe
rPois    .         Spirit   .   (helmet restricted)
rElec    .         Reflect  .   (no cloak)
rCorr    .         Harm     .   (gloves unavailable)
MR       .....                  (boots unavailable)
Stlth    ++........             (no amulet)
HPRegen  0.06/turn              (no ring)
MPRegen  0.11/turn              (no ring)

@: brilliant, lethally poisoned (-1 -> -10), very slightly contaminated, very
quick
A: very small, unfitting armour, see invisible, herbivore, speed 3, slow
metabolism 2
a: Potion Petition, Call Merchant, Bribe Branch, Renounce Religion


You were on level 3 of the Dungeon.
You worshipped Gozag.
Gozag was aware of your devotion.
You were not hungry.

You visited 1 branch of the dungeon, and saw 3 of its levels.

You collected 127 gold pieces.
You paid 13 gold pieces to Gozag.

Inventory:

Hand Weapons
 a - a +0 short sword (weapon)
 l - a +0 dagger
Missiles
 c - 64 stones (quivered)
 h - 5 tomahawks
 m - 15 poisoned needles
 n - 39 sling bullets
Armour
 b - a +0 robe (worn)
Scrolls
 d - a scroll of remove curse {unknown}
 g - 2 scrolls of identify {unknown}
 j - a scroll of immolation {unknown}
Potions
 e - a potion of mutation {unknown}
 i - a potion of brilliance
 k - a potion of agility {unknown}
Comestibles
 f - 6 rations


   Skills:
 + Level 2.1 Fighting
 - Level 2.1 Short Blades
 - Level 1.0 Throwing
 + Level 4.2 Dodging
 + Level 2.2 Stealth
 + Level 3.2 Spellcasting
 - Level 4.4 Translocations


You couldn't memorise any spells.
You knew the following spells:

 Your Spells              Type           Power        Failure   Level  Hunger
a - Blink                 Tloc           N/A          1%          2    ##.....
b - Gell's Gravitas       Tloc           ####......   1%          3    ###....
c - Lesser Beckoning      Tloc           ####......   1%          3    ###....

Your spell library contained the following spells:

 Spells                   Type           Power        Failure   Level  Hunger
 Shroud of Golubria       Chrm/Tloc      ###.......   1%          2    ##.....
 Teleport Other           Tloc           ####....     1%          3    ###....
 Passage of Golubria      Tloc           N/A          2%          4    ####...


Dungeon Overview and Level Annotations

Branches:
Dungeon (3/15)

Altars:
Elyvilon
Gozag
Kikubaaqudgha
Yredelemnul

Annotations:
D:3 2 transporters, Menkaure


Innate Abilities, Weirdness & Mutations

You are very small and have problems with some larger weapons.
You are too small for most types of armour.
You have supernaturally acute eyesight. (SInv)
You are a herbivore.
You cover ground extremely quickly.
You need to consume almost no food.


Message History

The adder is heavily wounded.
You feel sick. The adder bites you.
* * * LOW HITPOINT WARNING * * *
You are more poisoned.
The adder poisons you!
You hit the adder but do no damage.
The adder is heavily wounded.
* * * LOW HITPOINT WARNING * * *
You feel sick. The adder closely misses you.
You hit the adder.
The adder is almost dead.
* * * LOW HITPOINT WARNING * * *
You feel sick. The adder misses you.
Okay, then.
Okay, then.
It was a potion of brilliance.
You feel clever all of a sudden. The adder bites you.
You die...
Your body crumbles into a pile of gold.

#............# #...##########
....# #...# ....# #...#
######### ...o#
#...###.......######## ....##
.....('............... ......
#######.......#########...#
#######.......######......##.#
................@S(..)...J...#
#######.......######......####
#<# #.......# #..S........#
##.####.......# #...........#
#.............# #...........#
#...........))# #...........#
#.......#####.# #...........#
.....#### #.# #...........#
###..# ####.###


You could see an adder.

Vanquished Creatures
  A dart slug (D:2)
  A leopard gecko (D:3)
  2 giant cockroaches
  5 goblins
  6 hobgoblins
  5 kobolds
  A quokka (D:2)
  A ball python (D:2)
  6 bats
  A frilled lizard (D:2)
  A giant cockroach zombie (D:2)
  9 rats
39 creatures vanquished.

Vanquished Creatures (others)
  A goblin (D:2)
1 creature vanquished.

Grand Total: 40 creatures vanquished

Notes
Turn   | Place    | Note
-------+----------+-------------------------------------------
     0 | D:1      | Yuikono the Spriggan Warper began the quest for the Orb.
     0 | D:1      | Reached XP level 1. HP: 10/10 MP: 5/5
   521 | D:1      | Reached skill level 1 in Stealth
   666 | D:1      | Reached XP level 2. HP: 15/15 MP: 6/6
  1347 | D:2      | Reached XP level 3. HP: 18/18 MP: 8/8
  1352 | D:2      | Found a white marble altar of Elyvilon.
  1416 | D:2      | Found an opulent altar of Gozag.
  1423 | D:2      | Became a worshipper of Gozag Ym Sagoz the Greedy
  1524 | D:2      | Found a faded altar of an unknown god.
  2138 | D:2      | Learned a level 2 spell: Blink
  2142 | D:2      | Learned a level 3 spell: Gell's Gravitas
  2146 | D:2      | Learned a level 3 spell: Lesser Beckoning
  2651 | D:3      | Found an ancient bone altar of Kikubaaqudgha.
  2653 | D:3      | Noticed Menkaure
  2655 | D:3      | Found a basalt altar of Yredelemnul.
  2672 | D:3      | Found a transporter.
  2674 | D:3      | Found a transporter.
  2799 | D:3      | Slain by an adder

Skill      XL: |  1  2  3 |
---------------+----------+-----
Stealth        | 1 2 |  2.2
Spellcasting   | 3 |  3.2
Dodging        | 4 |  4.2
Fighting       | 2 |  2.1
Short Blades   | |  2.1
Throwing       | |  1.0
Translocations | |  4.4

Action                   || total
-------------------------++-------
Melee: Short sword       ||   185
Throw: Tomahawk          ||     5
       Stone             ||     3
Invok: Potion Petition   ||     1
  Use: Potion            ||     3
       Scroll            ||     1
 Stab: Sleeping          ||     6
Armor: Robe              ||    23
Dodge: Dodged            ||   175
